 Dungeon Crawl Stone Soup version 0.30-a0-879-ga8ba668304 (webtiles) character file.

Game seed: 4922027121323685744

40 jasper the Insei (level 3, -1/29 HPs)
             Began as a Demonspawn Gladiator on Mar 13, 2023.
             Was a Follower of Uskayaw.
             Slain by a hobgoblin (4 damage)
             ... on level 3 of the Dungeon.
             The game lasted 00:03:35 (1747 turns).

jasper the Insei (Demonspawn Gladiator)             Turns: 1747, Time: 00:03:35

Health: -1/29      AC:  6    Str: 14    XL:     3   Next: 30%
Magic:  3/3        EV: 11    Int: 11    God:    Uskayaw [*.....]
Gold:   28         SH:  0    Dex: 14    Spells: 2/2 levels left

rFire   . . .      SeeInvis .      - Unarmed
rCold   . . .      Faith    .    (no shield)
rNeg    . . .      Spirit   .    e - +1 ring mail
rPois   .          Reflect  .    (helmet restricted)
rElec   .          Rampage  .    (no cloak)
rCorr   .                        (no gloves)
Will    .....                    (no boots)
Stlth   +                        (no amulet)
HPRegen 0.24/turn                (no ring)
MPRegen 0.08/turn                (no ring)

@: hasted, very quick
A: antennae 1
a: Renounce Religion, Stomp


You were on level 3 of the Dungeon.
You worshipped Uskayaw.
Uskayaw was noncommittal.
You visited 1 branch of the dungeon, and saw 3 of its levels.

You collected 28 gold pieces.

Inventory:

Hand Weapons
 j - a +0 quarterstaff
Missiles
 n - a stone (quivered)
Armour
 a - a +0 leather armour
 b - a +0 helmet
 e - a +1 ring mail (worn)
Scrolls
 c - a scroll of teleportation {unknown}
 f - a scroll of immolation


   Skills:
 + Level 3.0 Fighting
 - Level 1.7 Throwing
 - Level 2.6 Dodging
 + Level 3.4 Unarmed Combat


You had 2 spell levels left.
You didn't know any spells.
Your spell library was empty.

Dungeon Overview and Level Annotations

Branches:
Dungeon (3/15)

Altars:
Uskayaw

Annotations:
D:2 Jessica


Innate Abilities, Weirdness & Mutations

You have a pair of small antennae on your head.


Message History

Jessica is moderately wounded.
Jessica struggles against the net.
Jessica struggles against the net.
Jessica casts a spell at you. Pain shoots through your body!
* * * LOW HITPOINT WARNING * * *
Jessica struggles against the net.
You take 9 damage, and have 1/29 hp.
MASSIVE DAMAGE!!
There is a stone staircase leading down here.
Jessica struggles against the net.
The net rips apart, and Jessica comes free!
You climb downwards.
The hobgoblin shouts!
There is a stone staircase leading up here.
You aren't carrying any potions.
Throw: 4 stones
Press: ? - help, Shift-Dir - straight line, f - hobgoblin
Aim: a hobgoblin (59% to hit)
Okay, then.
Throw: 4 stones
Press: ? - help, Q - select action, (/) - cycle Shift-Dir - straight line, f - hobgoblin
Aim: a hobgoblin (59% to hit)
You throw a stone. The stone closely misses the hobgoblin.
Throw: 3 stones
Press: ? - help, Q - select action, (/) - cycle Shift-Dir - straight line, f/p - hobgoblin
Aim: a hobgoblin (59% to hit)
You throw a stone. The stone hits the hobgoblin.
The hobgoblin is moderately wounded.
Throw: 2 stones
Press: ? - help, Q - select action, (/) - cycle Shift-Dir - straight line, f/p - hobgoblin
Aim: a hobgoblin (moderately wounded, 59% to hit)
You throw a stone. The stone barely misses the hobgoblin.
Throw: stone
Press: ? - help, Q - select action, (/) - cycle Shift-Dir - straight line, f - you Really target yourself?
Okay, then.
You hit the hobgoblin.
The hobgoblin is severely wounded.
The hobgoblin hits you.
You die...

.....
#....
#....##
#......
#.....#
#.^...#
#...g.#
#@# ###


You could see a hobgoblin.

Vanquished Creatures
  A worm (D:2)
  An endoplasm (D:1)
  2 giant cockroaches
  6 hobgoblins (D:1)
  2 quokkas
  6 ball pythons (D:1)
  3 bats
  2 frilled lizards
  3 goblins (D:1)
  7 kobolds
  6 rats
39 creatures vanquished.

Notes
Turn   | Place    | Note
-------+----------+-------------------------------------------
     0 | D:1      | jasper the Demonspawn Gladiator began the quest for the
                  | Orb.
     0 | D:1      | Reached XP level 1. HP: 16/16 MP: 1/1
   296 | D:1      | Gained mutation: You have a pair of small antennae on your
                  | head. [demonic ancestry]
   296 | D:1      | Reached XP level 2. HP: 21/23 MP: 2/2
  1006 | D:1      | Reached XP level 3. HP: 28/28 MP: 3/3
  1537 | D:2      | Found a faded altar of an unknown god.
  1648 | D:2      | Prayed at the altar of an unknown god.
  1648 | D:2      | Became a worshipper of Uskayaw the Reveller
  1648 | D:2      | Reached * piety under Uskayaw
  1687 | D:2      | Noticed Jessica
  1714 | D:2      | Reached ** piety under Uskayaw
  1738 | D:2      | HP: 1/29 [Jessica/nerve-wracking pain (9)]
  1747 | D:3      | Slain by a hobgoblin

Illustrated notes

Levels and vault maps discovered:
D:1:      psy_arrival_terrarium, layout_basic
D:2:      layout_loops_ring, serial_shops, nicolae_shop_bloodbath_and_beyond,
          nicolae_lakefront_shop, shop_fountains, nicolae_shop_waterfront,
          shop_statue, hellmonk_ecumenical_altar_blasted, uniq_jessica
D:3:      layout_basic, minitemple

Skill      XL: |  1  2  3 |
---------------+----------+-----
Unarmed Combat | 3 |  3.4
Fighting       | 3 |  3.0
Throwing       | |  1.7
Dodging        | |  2.6

Action                     || total
---------------------------++-------
  Melee: Unarmed           ||   130
  Throw: Dart              ||    26
         Throwing net      ||     7
         Stone             ||     4
         Javelin           ||     1
    Use: Scroll            ||     4
         Potion            ||     2
 Armour: Leather armour    ||     3
         Ring mail         ||    34
  Dodge: Dodged            ||    64

Table legend: (Time is in decaauts)
 A = Elapsed time spent in this place.
 B = Non-inter-level travel time spent in this place.
 C = Inter-level travel time spent in this place.
 D = Time resting spent in this place.
 E = Time spent auto-exploring this place.
 F = Levels seen in this place.
 G = Mean time per level.
                   A        B        C        D        E       F      G
               +--------+--------+--------+--------+--------+-----+--------+
         Total |   1725 |   1578 |    147 |    133 |    982 |   3 |  575.0 |
       Dungeon |   1725 |   1578 |    147 |    133 |    982 |   3 |  575.0 |
               +--------+--------+--------+--------+--------+-----+--------+

Top non-repeatable levels by time:
     D:1: 1484 daAuts
     D:2: 237 daAuts
     D:3: 4 daAuts
